 Dungeon Crawl Stone Soup version 0.32-a0-834-geaf45d8e21 (webtiles) character file.

Game seed: 1065405888575518714

297 Shayle the Trooper (level 6, -1/48 HPs)
             Began as a Coglin Alchemist on Mar 25, 2024.
             Slain by an ufetubus (2 damage)
             ... on level 5 of the Dungeon.
             The game lasted 00:13:25 (3224 turns).

Shayle the Trooper (Coglin Alchemist)               Turns: 3224, Time: 00:13:25

Health: -1/48      AC:  4    Str:  7 (8)  XL:     6   Next: 35%
Magic:  7/8        EV: 10    Int: 12 (14) God:
Gold:   161        SH:  0    Dex: 19 (20) Spells: 4/8 levels left

rFire   x . .        e - +0 spear {Zorana}
rCold   + . .        f - +0 mace {Fikile}
rNeg    . . .        n - +0 leather armour of the Cooper {rPois rF- rC+ Dex+3}
rPois   +            (no helmet)
rElec   .            r - +0 cloak
rCorr   .            (no gloves)
SInv    .            (no boots)
Will    .....        (amulet unavailable)
Stlth   ++           (ring unavailable)
HPRegen 0.28/turn    (ring unavailable)
MPRegen 0.11/turn    (no gizmo)

%: no passive effects
@: mighty, attractive, revved
A: off-hand wielding, slow wielding, warmup strikes, no jewellery
a: Invent Gizmo


You were on level 5 of the Dungeon.
You visited 1 branch of the dungeon, and saw 5 of its levels.

You collected 161 gold pieces.

Inventory:

Hand Weapons
 e - a +0 spear (weapon) {Zorana}
 f - a +0 mace (offhand) {Fikile}
 k - a +0 sling
Armour
 a - a +0 robe
 c - a +0 leather armour
 n - the +0 leather armour of the Cooper (worn) {rPois rF- rC+ Dex+3}
   (You found it on level 2 of the Dungeon)

   Dex+3:     It affects your dexterity (+3).
   rF-:       It makes you vulnerable to fire.
   rC+:       It protects you from cold.
   rPois:     It protects you from poison.
 r - a +0 cloak (worn)
Scrolls
 d - 4 scrolls of identify {unknown}
 h - a scroll of poison {unknown}
 i - a scroll of blinking {unknown}
 j - a scroll of noise {unknown}
 m - a scroll of teleportation
 p - a scroll of fog {unknown}
 q - a scroll of vulnerability {unknown}
Potions
 b - a potion of magic
 g - 2 potions of degeneration


   Skills:
 + Level 4.1 Fighting
 + Level 3.8 Ranged Weapons
 - Level 1.7 Dodging
 - Level 1.5 Stealth
 - Level 1.7 Spellcasting
 - Level 0.8 Conjurations
 - Level 3.2 Alchemy


You had 4 spell levels left.
You knew the following spells:

 Your Spells              Type           Power      Damage    Failure   Level
a - Sting                 Conj/Alch      24%        1d4       19%         1
b - Mephitic Cloud        Conj/Alch/Air  4%         N/A       58%         3

Your spell library contained the following spells:

 Spells                   Type           Power      Damage    Failure   Level
 Mercury Vapours          Alch/Air       10%        N/A       32%         2
 Sandblast                Erth           2%         2d4       38%         1
 Stone Arrow              Conj/Erth      4%         3d7       71%         3
 Olgreb's Toxic Radiance  Alch           8%         N/A       73%         4
 Sticky Flame             Fire/Alch      5%         2d4       91%         4
 Brom's Barrelling Bould  Conj/Erth      2%         2d3       98%         4


Dungeon Overview and Level Annotations

Branches:
Dungeon (5/15)
 Temple: D:4-7

Altars:
Kikubaaqudgha
Qazlal
Sif Muna
Wu Jian

Shops:
D:1 :


Innate Abilities, Weirdness & Mutations

You can wield a second weapon in your off-hand.
It takes a long time for you to wield or remove held weapons.
Your first few attacks do less damage.
You cannot equip rings or amulets.


Message History

You hit the adder with your +0 spear.
You kill the adder!
The ufetubus hits you.
* * * LOW HITPOINT WARNING * * *
The ufetubus barely misses you. The ufetubus hits you.
* * * LOW HITPOINT WARNING * * *
The ufetubus hits you but does no damage.
You miss the ufetubus with your +0 mace.
You hit the ufetubus with your +0 spear.
The ufetubus closely misses you. x2
The ufetubus hits you but does no damage.
The ufetubus barely misses you.
You hit the ufetubus with your +0 mace.
The ufetubus is heavily wounded.
You miss the ufetubus with your +0 spear.
The ufetubus slips past you! The ufetubus closely misses you. x2
The ufetubus hits you.
* * * LOW HITPOINT WARNING * * *
The ufetubus closely misses you.
It was a potion of degeneration.
There was something very wrong with that liquid.
You feel weakened.
You feel dopey.
You feel clumsy. The ufetubus misses you.
The ufetubus hits you but does no damage.
It was a potion of attraction.
You feel attractive to monsters.
The ufetubus hits you but does no damage. x2
The ufetubus hits you.
* * * LOW HITPOINT WARNING * * *
The ufetubus closely misses you.
It was a potion of might.
You feel very mighty all of a sudden. The ufetubus hits you.
* * * LOW HITPOINT WARNING * * *
The ufetubus hits you but does no damage.
You barely miss the ufetubus with your +0 mace.
The ufetubus is heavily wounded.
You closely miss the ufetubus with your +0 spear.
The ufetubus hits you.
You die...

..?...#? #
##......#.#
.........#
#....... #..... .
#...###..#
#.........
#####.$.###.S#
#..@5...# ..#
#.###...# ..#
#.......# .. ####
#.......# .# ....
#.).....###.# ####
#...........###..
#...........>.....
#.......####.##..#
#.......# .# #


You could see an ufetubus.

Vanquished Creatures
  A scorpion (D:5)
  A howler monkey (D:4)
  Natasha (D:3)
  11 adders
  An ufetubus (D:5)
  A dart slug (D:1)
  2 ribbon worms (D:2)
  An orc (D:5)
  4 endoplasms
  5 giant cockroaches
  A goblin (D:4)
  3 hobgoblins
  13 jackals
  4 quokkas
  6 ball pythons
  8 bats
  A frilled lizard (D:3)
  4 kobolds
  5 rats
73 creatures vanquished.

Notes
Turn   | Place    | Note
-------+----------+-------------------------------------------
     0 | D:1      | Shayle the Coglin Alchemist began the quest for the Orb.
     0 | D:1      | Reached XP level 1. HP: 13/13 MP: 3/3
    34 | D:1      | Found Goshie's Vocational Training.
   170 | D:1      | Reached skill level 1 in Fighting
   170 | D:1      | Reached XP level 2. HP: 14/21 MP: 0/4
   271 | D:1      | Reached skill level 1 in Ranged Weapons
   734 | D:1      | Found a faded altar of an unknown god.
   896 | D:2      | Reached XP level 3. HP: 24/26 MP: 5/5
  1030 | D:2      | Reached skill level 2 in Fighting
  1116 | D:2      | Identified the +0 leather armour of the Cooper {rPois rF-
                  | rC+ Dex+3}
  1150 | D:2      | Found a stormy altar of Qazlal.
  1357 | D:2      | Reached XP level 4. HP: 33/33 MP: 6/6
  1578 | D:3      | Found an ornate altar of the Wu Jian Council.
  1814 | D:3      | Found a shimmering blue altar of Sif Muna.
  2252 | D:3      | Reached skill level 3 in Fighting
  2268 | D:3      | Noticed Natasha
  2285 | D:3      | Reached XP level 5. HP: 41/41 MP: 7/7
  2327 | D:3      | Learned a level 3 spell: Mephitic Cloud
  2340 | D:3      | Killed Natasha
  2891 | D:4      | Noticed an ogre
  2901 | D:4      | Found an ancient bone altar of Kikubaaqudgha.
  2967 | D:5      | Entered Level 5 of the Dungeon
  3023 | D:5      | Reached XP level 6. HP: 43/48 MP: 8/8
  3157 | D:5      | Reached skill level 4 in Fighting
  3222 | D:5      | HP: 2/48 [ufetubus (4)]
  3224 | D:5      | Slain by an ufetubus

Illustrated notes

Levels and vault maps discovered:
D:1:      minmay_arrival_wavy_path, layout_loops_ring,
          hellmonk_ecumenical_altar_inner_sanctum, grunt_decor_mini_mirrors,
          nicolae_shop_vocational
D:2:      layout_basic, basic_altar, nicolae_concentric_dashed_squares_wild,
          kennysheep_generic_room_15
D:3:      cheibrodos_helix_gallery, layout_loops_corners,
          nicolae_sif_muna_little_library, nzn_wu_jian_contemplation,
          uniq_natasha
D:4:      layout_loops_ring, kiku_gazebo_pond_becter
D:5:      layout_loops_ring, okawaru_ov_weapons_minmay, uniq_blork_the_orc

Skill      XL: |  1  2  3  4  5  6 |
---------------+-------------------+-----
Fighting       | 1 2 3 4 |  4.1
Ranged Weapons | 1 2 3 |  3.8
Dodging        | |  1.7
Stealth        | |  1.5
Spellcasting   | |  1.7
Conjurations   | |  0.8
Alchemy        | |  3.2

Action                     |  1- 3 |  4- 6 || total
---------------------------+-------+-------++-------
  Melee: Unarmed           |     6 |       ||     6
         Punch             |     1 |       ||     1
         Mace              |    68 |    98 ||   166
         Spear             |    64 |    96 ||   160
   Cast: Sting             |    16 |    40 ||    56
    Use: Scroll            |       |     1 ||     1
         Potion            |       |     3 ||     3
   Stab: Sleeping          |     4 |     4 ||     8
 Armour: Robe              |    56 |    39 ||    95
         Leather armour    |       |    85 ||    85
  Dodge: Dodged            |    53 |   122 ||   175

Table legend: (Time is in decaauts)
 A = Elapsed time spent in this place.
 B = Non-inter-level travel time spent in this place.
 C = Inter-level travel time spent in this place.
 D = Time resting spent in this place.
 E = Time spent auto-exploring this place.
 F = Levels seen in this place.
 G = Mean time per level.
                   A        B        C        D        E       F      G
               +--------+--------+--------+--------+--------+-----+--------+
         Total |   3268 |   3221 |     47 |    369 |   1834 |   5 |  653.6 |
       Dungeon |   3268 |   3221 |     47 |    369 |   1834 |   5 |  653.6 |
               +--------+--------+--------+--------+--------+-----+--------+

Top non-repeatable levels by time:
     D:3: 1138 daAuts
     D:1: 833 daAuts
     D:2: 764 daAuts
     D:4: 269 daAuts
     D:5: 262 daAuts
